 Dungeon Crawl Stone Soup version 0.31.0-9-g3a7656b989 (webtiles) character file.

Game seed: 4174567294597924283

2557 qw the Skirmisher (level 9, -2/74 HPs)
             Began as a Demigod Hunter on Feb 2, 2024.
             Succumbed to a killer bee's poison
             ... on level 7 of the Dungeon.
             The game lasted 00:00:26 (5230 turns).

qw the Skirmisher (Demigod Hunter)                  Turns: 5230, Time: 00:00:27

Health: -2/74      AC:  8    Str: 12    XL:     9   Next: 10%
Magic:  11/11      EV: 19    Int: 11    God:
Gold:   956        SH:  0    Dex: 35    Spells: 8/8 levels left

rFire   . . .        n - +1 longbow (heavy)
rCold   + . .        (shield currently unavailable)
rNeg    . . .        g - +2 leather armour {rC+}
rPois   .            (no helmet)
rElec   .            (no cloak)
rCorr   .            a - +2 pair of gloves
SInv    +            (no boots)
Will    .....        (no amulet)
Stlth   +++          d - +6 ring of dexterity
HPRegen 0.32/turn    c - ring of see invisible
MPRegen 0.12/turn

%: no passive effects
@: lethally poisoned (-2 -> -10)
A: high MP 1, forlorn, divine attributes
a: no special abilities


You were on level 7 of the Dungeon.
You visited 1 branch of the dungeon, and saw 7 of its levels.

You collected 956 gold pieces.


Innate Abilities, Weirdness & Mutations

You have an increased reservoir of magic. (+10% MP)
You shall have no god before yourself.
Your divine heritage dramatically boosts your attributes as you level up.


   Skills:
 - Level 5.1 Fighting
 + Level 9.4 Ranged Weapons
 - Level 1.5 Armour
 - Level 6.0 Dodging
 - Level 0.8 Stealth


You had 8 spell levels left.
You didn't know any spells.
Your spell library was empty.

Inventory:

Hand Weapons
 n - a +1 heavy longbow (weapon)
Armour
 a - a +2 pair of gloves (worn)
 g - a +2 leather armour of cold resistance (worn)
 j - a +1 ring mail of fire resistance
Jewellery
 c - a ring of see invisible (right hand)
 d - a +6 ring of dexterity (left hand)
 Y - a ring of positive energy
Wands
 m - a wand of polymorph (9)
Scrolls
 b - a scroll of brand weapon
Potions
 e - a potion of resistance
 f - 2 potions of curing
 h - a potion of mutation {unknown}
 i - a potion of cancellation {unknown}
 k - a potion of haste {unknown}
 l - a potion of enlightenment

Dungeon Overview and Level Annotations

Branches:
Dungeon (7/15)             Temple (0/1) D:4

Shops:
D:1 ?

Portals:
Abyss: D:6

Annotations:
D:6 2 transporters, qw's ghost, novice DjHu


Message History

The killer bee closely misses you. The killer bee misses you.
The killer bee stings you!
You are more poisoned.
The killer bee poisons you!
Enter note:
5224 ||| RETREEEEATING.
You feel very sick. The killer bee stings you.
You are more poisoned.
The killer bee poisons you! The killer bee closely misses you.
The killer bee misses you.
Enter note:
5225 ||| RETREEEEATING.
You feel very sick.
The killer bee attacks as it pursues you!
The killer bee completely misses you. x2; The killer bee closely misses you. x2
The killer bee completely misses you.
Enter note:
5226 ||| RETREEEEATING.
You feel very sick. The killer bee closely misses you.
The killer bee barely misses you.
Enter note:
5227 ||| RETREEEEATING.
You feel very sick. The killer bee closely misses you.
You shoot an arrow. The arrow hits the killer bee.
The killer bee is moderately wounded.
You feel very sick. The killer bee stings you. The killer bee misses you.
The killer bee closely misses you. The killer bee stings you!
You are more poisoned.
The killer bee poisons you!
You shoot an arrow. The arrow hits the killer bee!
You kill the killer bee!
You feel very sick. The killer bee stings you! The killer bee misses you.
The killer bee closely misses you.
You shoot an arrow. The arrow hits the killer bee!!
You kill the killer bee!
You die...

<..##......# ..
...........##...
.......>....#...
................
................
.......<........
.............##
.............#
............@#######.
....#.....###%.......
##...........y####.##
...#........[.#....#
## #..#.....|.......
.####.##......<..####
......##........##
#................#
#..................


You could see a killer bee.

Vanquished Creatures
  Sigmund (D:5)
  A slime creature (D:5)
  A wraith (D:5)
  Edmund (D:5)
  Duvessa (D:5)
  2 ice beasts
  A sky beast (D:7)
  2 black bears
  An ogre (D:4)
  A phantom (D:6)
  A centaur (D:6)
  3 kobold brigands (D:5)
  A gnoll sergeant (D:6)
  A scorpion (D:6)
  2 killer bees (D:7)
  Dowan (D:5)
  7 jellies
  3 hounds
  A sleepcap (D:4)
  4 iguanas
  2 orc wizards
  13 gnolls
  6 adders
  2 ufetubi (D:6)
  2 ribbon worms (D:3)
  A dart slug (D:2)
  11 orcs
  5 ball pythons
  5 bats
  7 endoplasms
  6 giant cockroaches
  8 goblins
  4 hobgoblins
  10 kobolds
  2 quokkas
  6 frilled lizards
  6 rats
132 creatures vanquished.

Notes
Turn   | Place    | Note
-------+----------+-------------------------------------------
     0 | D:1      | qw the Demigod Hunter began the quest for the Orb.
     0 | D:1      | Reached XP level 1. HP: 17/17 MP: 3/3
     0 | D:1      | 0 ||| qw: Version: 0.3-a-155-g5e7d8dd
     0 | D:1      | 0 ||| qw: Game counter: 455
     0 | D:1      | 0 ||| qw: Melee chars always use a shield: true
     0 | D:1      | 0 ||| qw: God list: Okawaru
     0 | D:1      | 0 ||| qw: Allow faded altars: false
     0 | D:1      | 0 ||| qw: Do Orc after clearing Dungeon:15 true
     0 | D:1      | 0 ||| qw: Do second Lair branch before Depths: true
     0 | D:1      | 0 ||| qw: Lair rune preference: random
     0 | D:1      | 0 ||| qw: Goals: Normal
     0 | D:1      | 0 ||| PLANNING D:1-11
    58 | D:1      | Reached skill level 4 in Ranged Weapons
    68 | D:1      | Reached XP level 2. HP: 23/24 MP: 4/4
    87 | D:1      | Found Xidgheg's Magic Scroll Emporium.
   150 | D:1      | 150 ||| SHOPLISTING scroll of identify (28 gold, have 0).
   150 | D:1      | 150 ||| SHOPLISTING scroll of teleportation (42 gold, have
                  | 0).
   630 | D:1      | 630 ||| READING scroll labelled COTUNU ZEYRI.
   631 | D:1      | 631 ||| READING scroll labelled JEHEMU HUONK.
   631 | D:1      | 631 ||| IDENTIFYING blue potion
   632 | D:1      | 632 ||| READING scroll labelled KAGARA TIXEFA.
   633 | D:1      | 633 ||| DROPPING scroll of butterflies.
   821 | D:2      | Reached XP level 3. HP: 25/29 MP: 5/5
   933 | D:2      | Identified the +8 sling of Conscience {freeze, rElec rPois
                  | Str+3}
   935 | D:2      | 935 ||| SWAPPING to +8 sling of Conscience {freeze, rElec
                  | rPois Str+3}.
   936 | D:2      | 936 ||| DROPPING +0 shortbow.
  1017 | D:2      | 1017 ||| FLEEEEING.
  1018 | D:2      | 1018 ||| FLEEEEING.
  1019 | D:2      | 1019 ||| FLEEEEING.
  1020 | D:2      | 1020 ||| FLEEEEING.
  1021 | D:2      | 1021 ||| FLEEEEING.
  1022 | D:2      | 1022 ||| FLEEEEING.
  1023 | D:2      | 1023 ||| FLEEEEING.
  1024 | D:2      | 1024 ||| FLEEEEING.
  1025 | D:2      | 1025 ||| FLEEEEING.
  1026 | D:2      | 1026 ||| FLEEEEING.
  1027 | D:2      | 1027 ||| FLEEEEING.
  1028 | D:2      | 1028 ||| FLEEEEING.
  1029 | D:2      | 1029 ||| FLEEEEING.
  1030 | D:2      | 1030 ||| FLEEEEING.
  1031 | D:2      | 1031 ||| FLEEEEING.
  1329 | D:2      | 1329 ||| UPGRADING to +0 pair of gloves.
  1334 | D:2      | 1334 ||| UPGRADING to +0 ring mail.
  1344 | D:2      | 1344 ||| DROPPING +0 leather armour.
  1345 | D:2      | 1345 ||| UPGRADING to ring of see invisible.
  1346 | D:2      | 1346 ||| READING 2 scrolls of identify.
  1346 | D:2      | 1346 ||| IDENTIFYING amethyst potion
  1347 | D:2      | 1347 ||| READING scroll of identify.
  1347 | D:2      | 1347 ||| IDENTIFYING scroll labelled DATOMO PUTO
  1348 | D:2      | 1348 ||| READING scroll labelled MOEPTI AFOGIR.
  1449 | D:2      | 1449 ||| READING scroll labelled UCASCH CUSYAV.
  1453 | D:2      | 1453 ||| READING 2 scrolls labelled APTUMOSUCHE.
  1454 | D:2      | 1454 ||| READING scroll labelled HUESEO QEPS.
  1455 | D:2      | 1455 ||| READING scroll labelled YNAMACS MORA.
  1456 | D:2      | 1456 ||| DROPPING scroll of blinking.
  1457 | D:2      | 1457 ||| DROPPING scroll of amnesia.
  1505 | D:3      | Reached skill level 5 in Ranged Weapons
  1506 | D:3      | Reached XP level 4. HP: 36/36 MP: 6/6
  1584 | D:3      | Reached skill level 1 in Armour
  2218 | D:3      | 2218 ||| DROPPING amulet of magic regeneration.
  2219 | D:3      | 2219 ||| READING scroll labelled GOMARU XOMUAGU.
  2219 | D:3      | 2219 ||| ENCHANTING +0 pair of gloves.
  2220 | D:3      | 2220 ||| READING scroll labelled LASESE TUFOOSK.
  2221 | D:3      | 2221 ||| READING scroll labelled RIVULA WAEMP.
  2273 | D:4      | Found a staircase to the Ecumenical Temple.
  2300 | D:4      | Reached XP level 5. HP: 41/41 MP: 7/7
  2300 | D:4      | Noticed an ogre
  2302 | D:4      | Killed an ogre
  2303 | D:4      | Reached skill level 6 in Ranged Weapons
  2370 | D:4      | Reached XP level 6. HP: 50/50 MP: 8/8
  2572 | D:4      | 2572 ||| FLEEEEING.
  2576 | D:4      | 2576 ||| FLEEEEING.
  2578 | D:4      | Reached skill level 3 in Fighting
  2712 | D:4      | 2712 ||| UPGRADING to ring of positive energy.
  2713 | D:4      | 2713 ||| UPGRADING to +6 ring of dexterity.
  2715 | D:4      | 2715 ||| UPGRADING to ring of see invisible.
  2717 | D:4      | 2717 ||| READING scroll of identify.
  2717 | D:4      | 2717 ||| IDENTIFYING golden potion
  2718 | D:4      | 2718 ||| READING scroll labelled CEHIXTADUU.
  2718 | D:4      | Identified a scroll of acquirement
  2718 | D:4      | 2718 ||| ACQUIRING 645 gold pieces
  2718 | D:4      | Acquired 645 gold pieces
  2720 | D:4      | 2720 ||| DROPPING potion of lignification.
  2756 | D:5      | Entered Level 5 of the Dungeon
  2772 | D:5      | Noticed a wraith
  2780 | D:5      | HP: 10/51 [wraith (12)]
  2781 | D:5      | 2781 ||| READING 2 scrolls of teleportation.
  2950 | D:5      | 2950 ||| RETREEEEATING.
  2952 | D:5      | 2952 ||| RETREEEEATING.
  2957 | D:5      | Reached skill level 3 in Dodging
  3132 | D:5      | Noticed Sigmund
  3138 | D:5      | Killed Sigmund
  3139 | D:5      | Reached skill level 7 in Ranged Weapons
  3139 | D:5      | Reached XP level 7. HP: 46/57 MP: 9/9
  3192 | D:5      | Noticed Edmund
  3199 | D:5      | 3199 ||| READING 2 scrolls of teleportation.
  3205 | D:5      | 3205 ||| FLEEEEING to unexplored (badform).
  3206 | D:5      | 3206 ||| FLEEEEING to unexplored (badform).
  3207 | D:5      | 3207 ||| FLEEEEING to unexplored (badform).
  3208 | D:5      | 3208 ||| FLEEEEING to unexplored (badform).
  3209 | D:5      | 3209 ||| FLEEEEING to unexplored (badform).
  3210 | D:5      | 3210 ||| FLEEEEING to unexplored (badform).
  3211 | D:5      | 3211 ||| FLEEEEING to unexplored (badform).
  3212 | D:5      | 3212 ||| FLEEEEING to unexplored (badform).
  3213 | D:5      | 3213 ||| FLEEEEING to unexplored (badform).
  3214 | D:5      | 3214 ||| FLEEEEING to unexplored (badform).
  3215 | D:5      | 3215 ||| FLEEEEING to unexplored (badform).
  3216 | D:5      | 3216 ||| FLEEEEING to unexplored (badform).
  3332 | D:5      | Killed Edmund
  3496 | D:5      | Noticed Dowan
  3497 | D:5      | Noticed Duvessa
  3499 | D:5      | Killed Dowan
  3511 | D:5      | HP: 12/57 [Duvessa/+0 short sword (12)]
  3512 | D:5      | 3512 ||| READING 2 scrolls of teleportation.
  3513 | D:5      | HP: 5/57 [Duvessa/+0 short sword (7)]
  3703 | D:5      | HP: 14/57 [Duvessa/+0 short sword (6)]
  3704 | D:5      | 3704 ||| READING scroll of teleportation.
  3705 | D:5      | Killed Duvessa
  3973 | D:5      | 3973 ||| READING scroll of enchant armour.
  3973 | D:5      | 3973 ||| ENCHANTING +1 pair of gloves.
  3977 | D:5      | Reached skill level 8 in Ranged Weapons
  4017 | D:5      | Killed a wraith
  4018 | D:5      | Reached XP level 8. HP: 38/66 MP: 10/10
  4167 | D:5      | 4167 ||| READING scroll of acquirement.
  4167 | D:5      | 4167 ||| ACQUIRING +1 heavy longbow
  4167 | D:5      | Acquired a +1 heavy longbow
  4169 | D:5      | 4169 ||| SWAPPING to +1 heavy longbow.
  4170 | D:5      | 4170 ||| DROPPING +8 sling of Conscience {freeze, rElec
                  | rPois Str+3}.
  4406 | D:5      | Noticed a slime creature
  4413 | D:5      | Killed a slime creature
  4414 | D:5      | Reached skill level 9 in Ranged Weapons
  4426 | D:5      | 4426 ||| FLEEEEING.
  4427 | D:5      | 4427 ||| FLEEEEING.
  4428 | D:5      | 4428 ||| FLEEEEING.
  4429 | D:5      | 4429 ||| FLEEEEING.
  4430 | D:5      | 4430 ||| FLEEEEING.
  4443 | D:5      | 4443 ||| FLEEEEING.
  4457 | D:5      | 4457 ||| FLEEEEING.
  4529 | D:5      | 4529 ||| UPGRADING to +2 leather armour of cold resistance.
  4539 | D:5      | 4539 ||| DROPPING +0 ring mail.
  4540 | D:5      | 4540 ||| READING scroll of identify.
  4540 | D:5      | 4540 ||| IDENTIFYING sedimented yellow potion
  4630 | D:6      | Found a transporter.
  4760 | D:6      | Identified the +1 rapier of Stickiness {speed, rF+ rC+}
  4781 | D:6      | Found a transporter.
  4915 | D:6      | Found a one-way gate to the infinite horrors of the Abyss.
  4915 | D:6      | Noticed qw's ghost (novice DjHu)
  5004 | D:6      | Reached XP level 9. HP: 74/74 MP: 11/11
  5007 | D:6      | Reached skill level 6 in Dodging
  5219 | D:7      | 5219 ||| RETREEEEATING.
  5220 | D:7      | 5220 ||| RETREEEEATING.
  5221 | D:7      | 5221 ||| RETREEEEATING.
  5222 | D:7      | 5222 ||| RETREEEEATING.
  5223 | D:7      | 5223 ||| RETREEEEATING.
  5224 | D:7      | 5224 ||| RETREEEEATING.
  5225 | D:7      | 5225 ||| RETREEEEATING.
  5226 | D:7      | 5226 ||| RETREEEEATING.
  5227 | D:7      | 5227 ||| RETREEEEATING.
  5228 | D:7      | HP: 15/74 [killer bee (7)]
  5229 | D:7      | HP: 1/74 [killer bee (8)]
  5230 | D:7      | Succumbed to a killer bee's poison

Levels and vault maps discovered:
D:1:      lightli_arrival_chessboard, layout_loops_ring, serial_shops,
          nicolae_shop_peninsula, serial_bayou_pond_e, minmay_indecisive_spiral
D:2:      layout_loops_cross, basic_altar
D:3:      layout_basic, kennysheep_small_spiral
D:4:      layout_cave_pools, minmay_temple_entry_mini_moons
D:5:      cheibrodos_fertilizer, layout_basic, lemuel_crystal_altar,
          sigmund_edmund_badplayer, uniq_duvessa
D:6:      layout_rooms, gammafunk_ghost_abyssal_escape,
          kennysheep_big_empty_room
D:7:      layout_rooms, mainiacjoe_overflow_concentric_impassable,
          fedhas_altar_fruit_tree, mainiacjoe_overflow_catwalk,
          mainiacjoe_overflow_cross_hatched, kennysheep_pointless_box,
          uniq_jeremiah

Skill      XL: |  1  2  3  4  5  6  7  8  9 |
---------------+----------------------------+-----
Ranged Weapons | 4 5 6 7 8 9 |  9.4
Fighting       | 2 3 4 5 |  5.1
Dodging        | 2 3 4 5 6 |  6.0
Armour         | 1 |  1.5
Stealth        | |  0.8

Action                     |  1- 3 |  4- 6 |  7- 9 || total
---------------------------+-------+-------+-------++-------
  Melee: Unarmed           |       |       |     4 ||     4
   Fire: Shortbow          |    69 |       |       ||    69
         Sling             |    18 |   126 |    56 ||   200
         Longbow           |       |       |    63 ||    63
    Use: Scroll            |    10 |     6 |     6 ||    22
 Armour: Leather armour    |    16 |       |    30 ||    46
         Ring mail         |       |    42 |    59 ||   101
         Skin              |       |       |     2 ||     2
  Dodge: Dodged            |    21 |    39 |   142 ||   202

Table legend:
 A = Non-vault XP
 B = Vault XP
 C = Vault XP percentage of total XP
 D = Non-vault monster count
 E = Vault monster count
 F = Vault count percentage of total count
                 A         B        C        D         E       F
            +---------+---------+-------+---------+---------+-------
      Total |    2413 |    1304 |  35.1 |     108 |      24 |  18.2
            +---------+---------+-------+---------+---------+-------
        D:1 |      27 |       7 |  20.6 |      18 |       4 |  18.2
        D:2 |      76 |       0 |   0.0 |      16 |       0 |   0.0
        D:3 |      67 |       0 |   0.0 |      14 |       0 |   0.0
        D:4 |     416 |       0 |   0.0 |      27 |       0 |   0.0
        D:5 |     668 |    1297 |  66.0 |      14 |      20 |  58.8
        D:6 |     901 |       0 |   0.0 |      16 |       0 |   0.0
        D:7 |     258 |       0 |   0.0 |       3 |       0 |   0.0
            +---------+---------+-------+---------+---------+-------
